 Dungeon Crawl Stone Soup version 0.27.0-1-g7a089689b8 (webtiles) character file.

Game seed: 17054192191201186813

3345 bnorton916 the Thaumaturge (level 9, -9/45 HPs)
             Began as a Deep Elf Conjurer on Aug 4, 2021.
             Was a Follower of Vehumet.
             Killed from afar by a manticore (14 damage)
             ... with a volley of spikes
             ... on level 9 of the Dungeon.
             The game lasted 00:18:49 (10591 turns).

bnorton916 the Thaumaturge (Deep Elf Conjurer)     Turns: 10591, Time: 00:18:50

Health: -9/45      AC:  4    Str:  5    XL:     9   Next: 72%
Magic:  5/24       EV: 12    Int: 26    God:    Vehumet [*.....]
Gold:   313        SH:  0    Dex: 13    Spells: 4/26 levels left

rFire    . . .     SeeInvis .   (no weapon)
rCold    . . .     Faith    .   (no shield)
rNeg     . . .     Spirit   .   a - +0 robe
rPois    +         Reflect  .   (no helmet)
rElec    .         Harm     .   c - +0 cloak
rCorr    .         Rampage  .   l - +0 pair of gloves
Will     .....                  (no boots)
Stlth    ++........             (no amulet)
HPRegen  0.15/turn              j - ring of poison resistance
MPRegen  0.19/turn              t - ring of wizardry

@: spiked
A: no striking features
a: Renounce Religion


You were on level 9 of the Dungeon.
You worshipped Vehumet.
Vehumet was aware of your devotion.
You visited 2 branches of the dungeon, and saw 10 of its levels.
You also visited: Ossuary.

You collected 443 gold pieces.
You spent 130 gold pieces at shops.

Inventory:

Missiles
 d - a curare-tipped dart
Armour
 a - a +0 robe (worn)
 b - +0 fire dragon scales
 c - a +0 cloak (worn)
 l - a +0 pair of gloves (worn)
Jewellery
 f - an amulet of faith
 j - a ring of poison resistance (left hand)
 s - a ring of magical power
 t - a ring of wizardry (right hand)
 w - a +4 ring of protection
 A - a +4 ring of protection
Wands
 m - a wand of paralysis (16)
 v - a wand of acid (5)
 x - a wand of iceblast (11)
Scrolls
 e - a scroll of blinking
 h - a scroll of magic mapping
 o - 3 scrolls of enchant weapon
 p - a scroll of enchant armour
 u - 2 scrolls of amnesia
 y - 2 scrolls of identify
 z - 2 scrolls of immolation {unknown}
 C - a scroll of brand weapon {unknown}
 F - a scroll of summoning {unknown}
Potions
 g - 3 potions of haste
 i - a potion of brilliance
 k - 3 potions of resistance
 q - 4 potions of heal wounds
 r - a potion of attraction
 B - 2 potions of curing {unknown}
 D - a potion of magic {unknown}
 E - a potion of cancellation


   Skills:
 - Level 2.4 Dodging
 - Level 2.4 Stealth
 - Level 9.2 Spellcasting
 - Level 8.5 Conjurations
 - Level 2.4 Hexes
 - Level 2.0 Summonings
 - Level 2.0 Translocations
 + Level 5.9 Fire Magic
 + Level 8.2 Earth Magic


You had 4 spell levels left.
You knew the following spells:

 Your Spells              Type           Power      Damage    Failure   Level
a - Magic Dart            Conj           100%       1d8       1%          1
b - Searing Ray           Conj           100%       3d7       1%          2
c - Fulminant Prism       Conj/Hex       20%        3d13      2%          4
d - Iskenderun's Mystic   Conj/Tloc      39%        2d9       2%          4
e - Call Canine Familiar  Summ           22%        N/A       2%          3
f - Stone Arrow           Conj/Erth      100%       3d13      1%          3
g - Bolt of Magma         Conj/Fire/Erth 25%        4d12      2%          5

Your spell library contained the following spells:

 Spells                   Type           Power      Damage    Failure   Level
 Foxfire                  Conj/Fire      100%       2x1d9     1%          1
 Summon Small Mammal      Summ           88%        N/A       1%          1
 Dazzling Flash           Conj/Hex       80%        N/A       1%          3
 Portal Projectile        Hex/Tloc       46%        N/A       2%          3
 Summon Guardian Golem    Hex/Summ       23%        N/A       2%          3
 Summon Lightning Spire   Summ/Air       17%        N/A       13%         4
 Airstrike                Air            5%         N/A       21%         4
 Lightning Bolt           Conj/Air       17%        1d31      10%         5
 Blade Hands              Tmut           5%         N/A       45%         5
 Excruciating Wounds      Necr           5%         N/A       45%         5
 Shatter                  Erth           26%        3d22*     100%        9


Dungeon Overview and Level Annotations

Branches:
Dungeon (8/15)             Temple (1/1) D:6         Ossuary (visited)
   Lair: D:8-11

Altars:
Ashenzari
Cheibriados
Dithmenos
Elyvilon
Fedhas
Gozag
Hepliaklqana
Kikubaaqudgha
Makhleb
Nemelex Xobeh
Okawaru
Qazlal
Ru
Sif Muna
Trog
Uskayaw
Vehumet
Wu Jian
Xom
Yredelemnul
Zin
The Shining One

Shops:
D:1 [   D:4 (*!   D:6 *   D:8 [

Annotations:
D:6 3 runed translucent doors, howech's ghost, novice MiGl; indyram44's ghost, novice MiGl
D:9 Erica


Message History

Aiming: Searing Ray (safe; 1% risk of failure)
Press: ? - help, Shift-Dir - straight line, f - wyvern
Aim: a wyvern (83% to hit)
The searing ray hits the wyvern!
The wyvern is heavily wounded. (Press . to maintain the ray.) Unknown command.
The searing ray hits the wyvern!
The wyvern is almost dead.
The wyvern barely misses you.
Without enough magic to sustain it, your searing ray dissipates.
The wyvern bites you!
* * * LOW HITPOINT WARNING * * *
The wyvern bites you!
* * * LOW HITPOINT WARNING * * *
Unknown command.
Casting: Searing Ray (safe; 1% risk of failure)
Confirm with . or Enter, or press ? or * to list all spells.
Okay, then.
Unknown command.
Aiming: Corrosive Bolt
Press: ? - help, Shift-Dir - straight line, f/p - wyvern
Aim: a wyvern (almost dead, 71% to hit)
The bolt of acid hits the wyvern.
The wyvern is splashed with acid.
The acid corrodes the wyvern!
You kill the wyvern!
Vehumet accepts your kill.
You start resting.
An orc is nearby!
As you read the scroll labelled XURAOW SOSIE, it crumbles to dust.
You feel strangely unstable.
It was a scroll of teleportation.
Your surroundings suddenly seem different.
A manticore comes into view.
Found a spear.
Found an escape hatch in the floor.
Found a stone staircase leading up.
There is a stone staircase leading up here.
The manticore flicks its tail.
The volley of spikes hits you!
The barbed spikes become lodged in your body.
You die...

P. ........ ..
......# P.
......# # .....
##...##
##.....###
##.......)##
##..H.@.....##
#..........>.##
#.............#
##............#
##..........##
#####....###
######


You could see a manticore.

Vanquished Creatures
  Pikel (D:5)
  Sigmund (D:5)
  2 wyverns
  Menkaure (D:5)
  A hornet zombie (D:6)
  2 black bears (D:9)
  A sky beast (D:7)
  A necrophage (D:7)
  2 centaurs
  4 ogres
  3 lemures (D:5)
  A kobold brigand (D:6)
  An elf zombie (Ossuary)
  A bullfrog (D:9)
  2 scorpions
  2 water moccasin skeletons
  An oklob sapling (D:6)
  5 killer bees (D:7)
  2 vampire bats (D:6)
  A centaur zombie (Ossuary)
  A hound (D:7)
  A centaur skeleton (D:6)
  An orc priest (D:7)
  4 iguanas (D:5)
  3 orc wizards
  2 hound skeletons
  2 mummies (Ossuary)
  12 adders
  2 shadow imps (D:7)
  2 white imps (D:6)
  2 adder zombies (Ossuary)
  2 worms
  3 dart slugs
  15 orcs
  9 ball pythons
  15 bats
  8 endoplasms
  3 giant cockroaches (D:1)
  8 goblins
  8 hobgoblins
  10 kobolds
  2 quokkas (D:1)
  3 frilled lizards
  3 goblin zombies (Ossuary)
  6 hobgoblin zombies (Ossuary)
  13 kobold zombies (Ossuary)
  7 orc zombies (Ossuary)
  6 rats
  4 rat zombies (Ossuary)
192 creatures vanquished.

Vanquished Creatures (others)
  18 fulminant prisms
  8 fungi (D:9)
  33 plants
  6 withered plants (D:6)
65 creatures vanquished.

Grand Total: 257 creatures vanquished

Notes
Turn   | Place    | Note
-------+----------+-------------------------------------------
     0 | D:1      | bnorton916 the Deep Elf Conjurer began the quest for the
                  | Orb.
     0 | D:1      | Reached XP level 1. HP: 10/10 MP: 6/6
    96 | D:1      | Found Gucvuita's Armour Shop.
   230 | D:1      | Reached XP level 2. HP: 15/15 MP: 2/8
   855 | D:1      | Reached skill level 4 in Spellcasting
   954 | D:1      | Reached skill level 5 in Conjurations
   954 | D:1      | Reached XP level 3. HP: 19/19 MP: 5/10
   957 | D:1      | Learned a level 2 spell: Searing Ray
  1772 | D:2      | Reached XP level 4. HP: 24/24 MP: 8/12
  2222 | D:2      | Found a faded altar of an unknown god.
  2278 | D:3      | Reached skill level 5 in Spellcasting
  2618 | D:3      | Noticed an ogre
  2624 | D:3      | Killed an ogre
  2625 | D:3      | Reached XP level 5. HP: 28/28 MP: 6/15
  2791 | D:3      | Reached skill level 6 in Spellcasting
  3003 | D:4      | Found Hoqil's General Store.
  3010 | D:4      | Bought a scroll of identify for 22 gold pieces
  3010 | D:4      | Bought a scroll of magic mapping for 38 gold pieces
  3122 | D:4      | Found Tainnea's Weapon Emporium.
  3726 | D:4      | Reached XP level 6. HP: 32/32 MP: 13/17
  3997 | D:4      | Found Oneahara's Distillery.
  4005 | D:4      | Bought a potion of heal wounds for 70 gold pieces
  4092 | D:5      | Entered Level 5 of the Dungeon
  4156 | D:5      | Noticed Pikel
  4500 | D:5      | Paralysed by Pikel for 4 turns
  4512 | D:5      | Killed Pikel
  4513 | D:5      | Reached skill level 8 in Spellcasting
  4513 | D:5      | Reached XP level 7. HP: 18/36 MP: 7/20
  4798 | D:5      | Noticed Sigmund
  4816 | D:5      | Killed Sigmund
  4817 | D:5      | Reached skill level 9 in Spellcasting
  4901 | D:5      | Reached XP level 8. HP: 41/41 MP: 16/23
  5022 | D:5      | Learned a level 4 spell: Fulminant Prism
  5027 | D:5      | Learned a level 4 spell: Iskenderun's Mystic Blast
  5031 | D:5      | Learned a level 3 spell: Call Canine Familiar
  5137 | D:5      | Noticed Menkaure
  5144 | D:5      | Killed Menkaure
  5145 | D:5      | Reached skill level 1 in Hexes
  5145 | D:5      | Reached skill level 1 in Summonings
  5145 | D:5      | Reached skill level 1 in Translocations
  5824 | D:5      | Learned a level 3 spell: Stone Arrow
  5847 | D:6      | Found a staircase to the Ecumenical Temple.
  5854 | D:6      | Reached skill level 1 in Earth Magic
  6701 | D:6      | Reached skill level 5 in Earth Magic
  6951 | Temple   | Entered the Ecumenical Temple
  7208 | Temple   | Became a worshipper of Vehumet
  7529 | D:6      | Identified the +0 scale mail of Ornamental Beauty {+Inv
                  | rElec Will++ Str-5}
  7574 | D:6      | Found a runed translucent gate.
  7574 | D:6      | Found a runed translucent gate.
  7574 | D:6      | Found a runed translucent gate.
  7574 | D:6      | Noticed howech's ghost (novice MiGl)
  7579 | D:6      | Noticed indyram44's ghost (novice MiGl)
  7684 | D:6      | Found Manil's Gadget Gallery.
  7745 | D:6      | Found an opulent altar of Gozag.
  8064 | D:7      | Found a sand-covered staircase.
  8074 | D:7      | Learned a level 5 spell: Bolt of Magma
  8075 | Ossuary  | Entered an ossuary
  8882 | Ossuary  | Reached skill level 1 in Fire Magic
  9081 | Ossuary  | Reached * piety under Vehumet
  9081 | Ossuary  | Offered knowledge of Foxfire by Vehumet.
  9137 | D:7      | Reached XP level 9. HP: 45/45 MP: 14/24
 10000 | D:7      | Reached skill level 5 in Fire Magic
 10445 | D:8      | Found Jeokhlau's Armour Boutique.
 10535 | D:8      | You fall into a shaft and drop 1 floor!
 10547 | D:9      | Noticed Erica
 10566 | D:9      | HP: 1/45 [wyvern (11)]
 10587 | D:9      | Noticed a manticore
 10591 | D:9      | Killed from afar by a manticore

Illustrated notes

Levels and vault maps discovered:
D:1:      heliophobic_arrival_henge, layout_basic, serial_shops,
          nicolae_square_shop, grunt_decor_mini_mirrors, lemuel_another_geyser
D:2:      layout_loops_ring, basic_ecumenical_altar
D:3:      layout_rooms, minivault_23
D:4:      layout_gridville, serial_shops, shop, kennysheep_mini, shop_fountains
D:5:      layout_basic, uniq_menkaure, uniq_sigmund, uniq_pikel
D:6:      layout_rooms, lemuel_doored_altar, minmay_temple_entry_oklob,
          gammafunk_ghost_cemetery, minivault_23, roderic_batcave,
          grunt_decor_resistance, nicolae_shop_gadgets
D:7:      layout_cave_pools, lightli_ossuary_entry_decrepit_ruins,
          minmay_misc_feat_tower, grunt_decor_one_mirror, minmay_misc_feat_cross
D:8:      layout_cave_pods, serial_shops, nicolae_shop_statue_plus, shop_statue,
          shop_coins, uniq_psyche, uniq_maurice
D:9:      layout_cave_pods, grunt_lair_entry_orc_guard_hut,
          ebering_ghost_disaster_area, uniq_erica
Temple:   nicolae_temple_the_god_donut

Skill      XL: |  1  2  3  4  5  6  7  8  9 |
---------------+----------------------------+-----
Spellcasting   | 4 5 6 8 9 |  9.2
Conjurations   | 5 6 7 8 |  8.5
Hexes          | 2 |  2.4
Summonings     | 2 |  2.0
Translocations | 2 |  2.0
Earth Magic    | 5 8 |  8.2
Fire Magic     | 2 5 |  5.9
Dodging        | |  2.4
Stealth        | |  2.4

Action                   |  1- 3 |  4- 6 |  7- 9 || total
-------------------------+-------+-------+-------++-------
Melee: Unarmed           |       |       |     1 ||     1
 Cast: Magic Dart        |    84 |    96 |   155 ||   335
       Searing Ray       |     1 |     7 |    26 ||    34
       Fulminant Prism   |       |       |    18 ||    18
       Stone Arrow       |       |       |     6 ||     6
       Iskenderun's Myst |       |       |     7 ||     7
       Bolt of Magma     |       |       |     2 ||     2
Evoke: Wand              |       |       |     3 ||     3
  Use: Scroll            |       |     5 |     9 ||    14
       Potion            |       |       |     2 ||     2
Armor: Robe              |     5 |     4 |    24 ||    33
Dodge: Dodged            |     7 |     6 |    82 ||    95
